 Dungeon Crawl Stone Soup version 0.26-a0-612-gd4d190f45e (webtiles) character file.

Game seed: 6906204822790122049

93 DogServant the Sneak (level 4, 0/21 HPs)
             Began as a Spriggan Enchanter on Sept 10, 2020.
             Succumbed to an adder's poison
             ... on level 2 of the Dungeon.
             The game lasted 00:09:39 (1684 turns).

DogServant the Sneak (Spriggan Enchanter)           Turns: 1684, Time: 00:09:40

Health: 0/21       AC:  2    Str:  4    XL:     4   Next: 37%
Magic:  5/10       EV: 19    Int: 17    God:
Gold:   40         SH:  0    Dex: 16    Spells: 7/10 levels left

rFire    + . .     SeeInvis +   a - +1 dagger
rCold    + . .     Faith    .   (shield restricted)
rNeg     . . .     Spirit   .   b - +0 robe
rPois    +         Reflect  .   (helmet restricted)
rElec    +         Harm     .   (no cloak)
rCorr    +                      (gloves unavailable)
MR       .....                  (boots unavailable)
Stlth    +++.......             (no amulet)
HPRegen  0.07/turn              (no ring)
MPRegen  0.12/turn              (no ring)

@: lethally poisoned (0 -> -2), resistant, hasted, very quick
A: very small, unfitting armour, see invisible, speed 3
a: no special abilities


You were on level 2 of the Dungeon.
You visited 1 branch of the dungeon, and saw 2 of its levels.

You collected 40 gold pieces.

Inventory:

Hand Weapons
 a - a +1 dagger (weapon)
 e - a +1 short sword of venom
Missiles
 g - 4 curare-tipped darts (quivered)
Armour
 b - a +0 robe (worn)
 f - a +0 helmet


   Skills:
 + Level 1.8 Short Blades
 + Level 3.6 Dodging
 * Level 5.5 Stealth
 * Level 3.6 Spellcasting
 * Level 4.5 Hexes


You had 7 spell levels left.
You knew the following spells:

 Your Spells              Type           Power        Failure   Level
a - Corona                Hex            ###....      2%          1
b - Ensorcelled Hibernat  Hex/Ice        ##....       10%         2

Your spell library contained the following spells:

 Spells                   Type           Power        Failure   Level
 Confusing Touch          Hex            ###.....     8%          3
 Tukima's Dance           Hex            ###.....     8%          3
 Dazzling Flash           Conj/Hex       ##....       19%         3


Dungeon Overview and Level Annotations

Branches:
Dungeon (2/15)

Altars:

Annotations:
D:2 Natasha


Innate Abilities, Weirdness & Mutations

You are very small and have problems with some larger weapons.
You are too small for most types of armour.
You have supernaturally acute eyesight. (SInv)
You cover ground extremely quickly.


Message History

Found a sapphire potion.
You see here a scroll labeled QUPPOU YTTA.
c - a scroll labeled QUPPOU YTTA
As you read the scroll labeled QUPPOU YTTA, it crumbles to dust.
It is a scroll of identify.
Really abort (and waste the scroll)? [Y]es or [N]o only, please.
Really abort (and waste the scroll)? [Y]es or [N]o only, please.
Really abort (and waste the scroll)? [Y]es or [N]o only, please.
Really abort (and waste the scroll)?
Okay, then.
The ball python hisses angrily.
* * * LOW HITPOINT WARNING * * *
You feel sick.
You see here a sapphire potion.
c - a sapphire potion It was a potion of haste.
You feel yourself speed up.
You die...

#....................?......#
................#...............#
................# .............#
................###+#............
....................?........#.#.
..........S.........$........#...
......##................)........
...... ####...........#+####.#...
####..@.....# ..#.#. #........#
### ## #........# #........#
##########


You could see a ball python.

Vanquished Creatures
  Jessica (D:2)
  A gnoll (D:1)
  An adder (D:1)
  An ooze (D:1)
  A dart slug (D:1)
  2 leopard geckos
  An orc (D:2)
  4 giant cockroaches
  2 goblins (D:2)
  6 hobgoblins
  2 jackals (D:2)
  A quokka (D:1)
  A ball python (D:1)
  2 bats (D:1)
  A frilled lizard (D:1)
  9 kobolds
  2 rats (D:1)
38 creatures vanquished.

Notes
Turn   | Place    | Note
-------+----------+-------------------------------------------
     0 | D:1      | DogServant the Spriggan Enchanter began the quest for the
                  | Orb.
     0 | D:1      | Reached XP level 1. HP: 9/9 MP: 5/5
   220 | D:1      | Reached XP level 2. HP: 13/13 MP: 7/7
   568 | D:1      | Learned a level 2 spell: Ensorcelled Hibernation
   574 | D:1      | Reached skill level 5 in Stealth
   892 | D:1      | Reached XP level 3. HP: 15/16 MP: 8/8
  1164 | D:2      | Noticed Jessica
  1170 | D:2      | Killed Jessica
  1170 | D:2      | Reached XP level 4. HP: 17/21 MP: 6/10
  1385 | D:2      | Noticed Natasha
  1679 | D:2      | HP: 1/21 [poisoned by an adder]
  1684 | D:2      | Succumbed to an adder's poison

Illustrated notes

Levels and vault maps discovered:
D:1:      lordsloth_arrival_two_stooges, layout_basic, minmay_pentomino_p4
D:2:      layout_basic, chequers_ecumenical_altar_island, serial_glass,
          glass_columns_c, glass_columns_b, glass_columns_c, glass_columns_a,
          glass_columns_b, glass_columns_b, uniq_jessica, uniq_natasha

Skill      XL: |  1  2 |
---------------+-------+-----
Spellcasting   | 3 |  3.6
Hexes          | 4 |  4.5
Stealth        | 5 |  5.5
Short Blades   | |  1.8
Dodging        | |  3.6

Action                   |  1- 3 |  4- 6 || total
-------------------------+-------+-------++-------
Melee: Dagger            |    75 |    25 ||   100
Throw: Dart              |       |     6 ||     6
 Cast: Corona            |     5 |       ||     5
       Ensorcelled Hiber |     4 |    16 ||    20
  Use: Scroll            |       |     4 ||     4
       Potion            |       |     2 ||     2
 Stab: Sleeping          |    14 |     8 ||    22
Armor: Robe              |     6 |     2 ||     8
Dodge: Dodged            |    53 |    43 ||    96

Table legend: (Time is in decaauts)
 A = Elapsed time spent in this place.
 B = Non-inter-level travel time spent in this place.
 C = Inter-level travel time spent in this place.
 D = Time resting spent in this place.
 E = Time spent auto-exploring this place.
 F = Levels seen in this place.
 G = Mean time per level.
                   A        B        C        D        E       F      G
               +--------+--------+--------+--------+--------+-----+--------+
         Total |   1341 |   1308 |     33 |    526 |    404 |   2 |  670.5 |
       Dungeon |   1341 |   1308 |     33 |    526 |    404 |   2 |  670.5 |
               +--------+--------+--------+--------+--------+-----+--------+

Top non-repeatable levels by time:
     D:1: 1029 daAuts
     D:2: 312 daAuts
